 Dungeon Crawl Stone Soup version 0.23-a0-407-g92528d7c89 (webtiles) character file.

10 Napalmbreeze the Caller (level 2, -1/15 HPs)
             Began as a Deep Elf Summoner on Nov 6, 2018.
             Slain by a gnoll (7 damage)
             ... on level 1 of the Dungeon.
             The game lasted 00:03:16 (594 turns).

Napalmbreeze the Caller (Deep Elf Summoner)          Turns: 594, Time: 00:03:17

Health: -1/15      AC:  2    Str:  5    XL:     2   Next: 10%
Magic:  5/8        EV: 13    Int: 19    God:
Gold:   16         SH:  0    Dex: 15    Spells: 4/7 levels left

rFire    . . .     SeeInvis .   g - +0 whip
rCold    . . .     Gourm    .   (no shield)
rNeg     . . .     Faith    .   a - +0 robe
rPois    .         Spirit   .   (no helmet)
rElec    .         Reflect  .   (no cloak)
rCorr    .         Harm     .   (no gloves)
MR       .....                  (no boots)
Stlth    ++........             (no amulet)
HPRegen  0.05/turn              (no ring)
MPRegen  0.11/turn              (no ring)

@: no status effects
A: no striking features
a: no special abilities


You were on level 1 of the Dungeon.
You were not hungry.

You visited 1 branch of the dungeon, and saw 1 of its levels.

You collected 16 gold pieces.

Inventory:

Hand Weapons
 g - a +0 whip (weapon)
Missiles
 b - 22 arrows
 d - 13 poisoned needles
Armour
 a - a +0 robe (worn)
Scrolls
 h - a scroll of identify {unknown}
 i - a scroll of random uselessness {unknown}
Potions
 e - a potion of invisibility {unknown}
Comestibles
 c - a ration
 f - 5 chunks of flesh


   Skills:
 - Level 2.4 Dodging
 - Level 2.4 Stealth
 + Level 3.3 Spellcasting
 * Level 4.8 Summonings


You had 4 spell levels left.
You knew the following spells:

 Your Spells              Type           Power        Failure   Level  Hunger
a - Summon Small Mammal   Summ           ###.         1%          1    None
s - Call Imp              Summ           ###.....     3%          2    ##.....

Your spell library contained the following spells:

 Spells                   Type           Power        Failure   Level  Hunger
 Call Canine Familiar     Summ           ###.....     6%          3    ###....
 Summon Guardian Golem    Hex/Summ       ##......     17%         3    ###....
 Summon Ice Beast         Ice/Summ       ##......     50%         4    ####...
 Summon Lightning Spire   Summ/Air       ##......     50%         4    ####...


Dungeon Overview and Level Annotations

Branches:
Dungeon (1/15)

Altars:


Message History

Orders for allies: a - Attack new target. p - Attack previous target. r - Retreat! s - Stop attacking. g - Guard the area. f - Follow me.
Anything else - Cancel.
Gang up on whom?
Press: ? - help, Dir - move target cursor, f/p - gnoll
Aim: a gnoll (severely wounded) Attack!
The gnoll hits you.
Your crimson imp barely misses the gnoll.
You swap places.
Your crimson imp disappears in a puff of smoke!
Your quokka bites the gnoll.
The gnoll hits your quokka!
Your quokka dies!
Your quokka's corpse disappears in a puff of smoke!
Casting: Summon Small Mammal (safe; 1% risk of failure)
Confirm with . or Enter, or press ? or * to list all spells.
A beastly little devil appears in a puff of flame.
The gnoll hits you! The gnoll hits you!
You die...

## #.# ### .# #.# #..
)# #####.### # #.# .#
#.......# #.#.# .#
#.###.#.# #.#%##.#
#.##....# #......#
###.....# ###.#.##
##....#######.g..####
#..........5@.[....+
#.#..###.###....####
####.# #.# #.#.## ...
.## #.# #...# .... ..
#.# ##..# .... ##.
#.# ... .#.. #. #.#
#...# #.# #. #.. ...#
.#.. ###


You could see a gnoll and a friendly crimson imp.

Vanquished Creatures (collateral kills)
  A dart slug (D:1)
  2 leopard geckos (D:1)
  A giant cockroach (D:1)
  A goblin (D:1)
  2 hobgoblins (D:1)
  A kobold (D:1)
  2 bats (D:1)
  2 rats (D:1)
12 creatures vanquished.

Notes
Turn   | Place    | Note
-------+----------+-------------------------------------------
     0 | D:1      | Napalmbreeze the Deep Elf Summoner began the quest for the
                  | Orb.
     0 | D:1      | Reached XP level 1. HP: 10/10 MP: 6/6
   462 | D:1      | Reached XP level 2. HP: 15/15 MP: 4/8
   471 | D:1      | Learned a level 2 spell: Call Imp
   594 | D:1      | Slain by a gnoll

Vault maps used:
D:1:      psy_arrival_spokes, hangedman_decor_slide_cut, corexii_hall_statues_i,
          minmay_pentomino_v2

Action                   || total
-------------------------++-------
Melee: Unarmed           ||     2
 Cast: Summon Small Mamm ||    18
       Call Imp          ||     3
Dodge: Dodged            ||    13

Table legend:
 A = Non-vault XP
 B = Vault XP
 C = Vault XP percentage of total XP
 D = Non-vault monster count
 E = Vault monster count
 F = Vault count percentage of total count
                 A         B        C        D         E       F
            +---------+---------+-------+---------+---------+-------
      Total |      13 |       2 |  13.3 |      10 |       2 |  16.7
            +---------+---------+-------+---------+---------+-------
        D:1 |      13 |       2 |  13.3 |      10 |       2 |  16.7
            +---------+---------+-------+---------+---------+-------
